 Dungeon Crawl Stone Soup version 0.27.1-34-g3ba077fa99 (webtiles) character file.

Game seed: 10660382113265508171

40 H0rd4k the Charlatan (level 3, -1/26 HPs)
             Began as a Human Artificer on Jan 21, 2022.
             Slain by Sigmund (4 damage)
             ... on level 2 of the Dungeon.
             The game lasted 00:01:22 (2427 turns).

H0rd4k the Charlatan (Human Artificer)              Turns: 2427, Time: 00:01:23

Health: -1/26      AC:  3    Str: 13    XL:     3   Next: 72%
Magic:  3/3        EV:  8    Int: 11    God:
Gold:   28         SH:  0    Dex: 13    Spells: 2/2 levels left

rFire    . . .     SeeInvis .   f - +0 dagger
rCold    . . .     Faith    .   (no shield)
rNeg     . . .     Spirit   .   b - +0 leather armour
rPois    .         Reflect  .   (no helmet)
rElec    .         Harm     .   (no cloak)
rCorr    .         Rampage  .   (no gloves)
Will     .....                  (no boots)
Stlth    +.........             (no amulet)
HPRegen  0.08/turn              (no ring)
MPRegen  0.08/turn              (no ring)

@: confused, constricted
A: no striking features
a: no special abilities


You were on level 2 of the Dungeon.
You visited 1 branch of the dungeon, and saw 2 of its levels.

You collected 28 gold pieces.

Inventory:

Hand Weapons
 a - a +0 club
 f - a +0 dagger (weapon)
Armour
 b - a +0 leather armour (worn)
Wands
 c - a wand of flame (15) (quivered)
 d - a wand of charming (15)
Scrolls
 g - a scroll of blinking {unknown}
Miscellaneous
 e - a piece from Xom's chessboard (15/15)


   Skills:
 + Level 1.5 Fighting
 + Level 0.7 Short Blades
 - Level 2.0 Armour
 + Level 1.5 Dodging
 - Level 1.0 Stealth
 + Level 3.8 Evocations


You had 2 spell levels left.
You didn't know any spells.
Your spell library contained the following spells:

 Spells                   Type           Power      Damage    Failure   Level
 Passwall                 Tmut/Erth      0%         N/A       56%         2
 Swiftness                Air            0%         N/A       80%         3
 Invisibility             Hex            0%         N/A       100%        6


Dungeon Overview and Level Annotations

Branches:
Dungeon (2/15)

Altars:

Annotations:
D:2 Sigmund, Terence


Message History

The ball python constricts you.
You bump into the rock wall.
Sigmund casts a spell at you. The magic dart hits you.
The ball python bites you. The ball python constricts you.
You bump into the rock wall.
The ball python bites you.
* * * LOW HITPOINT WARNING * * *
The ball python constricts you.
* * * LOW HITPOINT WARNING * * *
You are too confused!
Drop what? 7/52 slots (_ for help) (? for menu, Esc to quit)
Okay, then.
Unknown command.
You are too confused!
The ball python's grasp on you weakens, but your attempt to escape fails.
The ball python bites you.
* * * LOW HITPOINT WARNING * * *
The ball python constricts you.
* * * LOW HITPOINT WARNING * * *
The ball python bites you but does no damage.
The ball python constricts you.
You aren't carrying any potions.
Unknown command.
You're too confused to move!
You feel less confused.
The ball python bites you but does no damage.
The ball python constricts you.
* * * LOW HITPOINT WARNING * * *
You hit the ball python but do no damage.
The ball python is severely wounded.
Sigmund gestures at you while chanting.
You are confused.
The ball python bites you but does no damage.
The ball python constricts you.
Unknown command.
You bump into the rock wall.
The ball python bites you but does no damage.
The ball python constricts you.
Sigmund hits you from afar with a +0 scythe.
You die...

##.## ....# .# ##.#.##S#
.......# # #.#.#..###
##. #.#$#.....
..#...#######.(....##
.....@.@S@.........(###
...##########.#.......##
#.#......... #.#.......#
#.#.....<.# #.##.(...##
..##.....## ###.......#
#.>.....#


You could see Sigmund, Terence and a ball python.

Vanquished Creatures
  3 dart slugs (D:1)
  3 endoplasms
  2 giant cockroaches (D:1)
  3 goblins (D:1)
  A hobgoblin (D:1)
  3 jackals (D:1)
  2 kobolds (D:1)
  3 ball pythons (D:1)
  6 bats (D:1)
  A frilled lizard (D:1)
  4 rats
31 creatures vanquished.

Notes
Turn   | Place    | Note
-------+----------+-------------------------------------------
     0 | D:1      | H0rd4k the Human Artificer began the quest for the Orb.
     0 | D:1      | Reached XP level 1. HP: 15/15 MP: 1/1
   252 | D:1      | Reached XP level 2. HP: 16/21 MP: 2/2
  1211 | D:1      | Reached XP level 3. HP: 11/26 MP: 3/3
  1516 | D:1      | Found a faded altar of an unknown god.
  2408 | D:2      | Noticed Terence
  2417 | D:2      | Noticed Sigmund
  2427 | D:2      | Slain by Sigmund

Illustrated notes

Levels and vault maps discovered:
D:1:      roderic_crop_circles_arrival_small, layout_basic,
          dreamdust_ecumenical_altar_grove
D:2:      layout_rooms, uniq_terence, uniq_crazy_yiuf_cottage, uniq_sigmund

Action                   || total
-------------------------++-------
Melee: Club              ||    50
       Dagger            ||   116
 Stab: Sleeping          ||     4
Armor: Leather armour    ||    80
Dodge: Dodged            ||   122
